 Dungeon Crawl Stone Soup version 0.21.0 (webtiles) character file.

198 Principatus the Chopper (level 5, 0/48 HPs)
             Began as a Minotaur Fighter on Jan 7, 2018.
             Killed from afar by an orc wizard (6 damage)
             ... with a magic dart
             ... on level 3 of the Dungeon.
             The game lasted 00:09:40 (2201 turns).

Principatus the Chopper (Minotaur Fighter)          Turns: 2201, Time: 00:09:40

Health: 0/48       AC:  8    Str: 21    XL:     5   Next: 47%
Magic:  4/4        EV:  7    Int:  5    God:
Gold:   110        SH:  9    Dex: 10    Spells: 4/4 levels left

rFire    . . .     SeeInvis .   a - +0 war axe
rCold    . . .     Gourm    .   c - +0 shield
rNeg     . . .     Faith    .   b - +0 scale mail
rPois    .         Spirit   .   (helmet restricted)
rElec    .         Reflect  .   (no cloak)
rCorr    .         Harm     .   (no gloves)
MR       .....                  s - +0 pair of boots
Stlth    ..........             (no amulet)
HPRegen  0.16/turn              (no ring)
MPRegen  0.09/turn              (no ring)

@: no status effects
A: retaliatory headbutt, horns 2
a: no special abilities


You were on level 3 of the Dungeon.
You were not hungry.

You visited 1 branch of the dungeon, and saw 3 of its levels.

You collected 110 gold pieces.

Inventory:

Hand Weapons
 a - a +0 war axe (weapon)
 i - a +0 hunting sling
Missiles
 n - 66 stones
 o - a throwing net
 p - 13 tomahawks (quivered)
Armour
 b - a +0 scale mail (worn)
 c - a +0 shield (worn)
 s - a +0 pair of boots (worn)
Scrolls
 g - a scroll of enchant weapon {unknown}
 h - 2 scrolls of teleportation {unknown}
 j - 4 scrolls of remove curse {unknown}
 q - a scroll of fear {unknown}
Potions
 d - 2 potions of might
 e - a potion of magic {unknown}
 k - a potion of lignification {unknown}
 l - 3 potions of curing {unknown}
 m - 2 potions of ambrosia {unknown}
Comestibles
 f - 7 rations
 r - 3 chunks of flesh


   Skills:
 + Level 5.1 Fighting
 * Level 5.6 Axes
 - Level 3.8 Armour
 - Level 3.8 Shields


You had 4 spell levels left.
You didn't know any spells.

Dungeon Overview and Level Annotations

Branches:
Dungeon (3/15)

Altars:

Annotations:
D:3 Natasha


Innate Abilities, Weirdness & Mutations

You reflexively headbutt those who attack you in melee.
You have a pair of horns on your head.


Message History

Natasha hisses angrily.
You hit the orc priest.
You kill the orc priest!
You miss something. Something hits you.
* * * LOW HITPOINT WARNING * * *
Natasha mumbles some strange words.
Something hits you.
* * * LOW HITPOINT WARNING * * *
You hear some strange, mumbled words.
A puff of flame appears from out of thin air!
The puff of flame hits you!
* * * LOW HITPOINT WARNING * * *
Things that are here:
a hand axe; an orc corpse x2
Your shield and scale mail prevent you from hitting something.
Natasha casts a spell.
Something hits you but does no damage.
A magic dart appears from out of thin air!
The magic dart hits you!
You die...

# #..... # ##..... #.#
#...... #.#######.#####
##....##...#
#........###
########.#....###
#.....#..#...########
#.....@.##...........
###.....####...########
..?....{†..h...........
###....%####5..########
#.....# #...# #.....#
#..... #.....# #######
#.....# #######


There were no monsters in sight!

Vanquished Creatures
  An orc priest (D:3)
  Jessica (D:2)
  Natasha (D:3)
  3 gnolls (D:2)
  An adder (D:2)
  2 worms (D:2)
  2 dart slugs (D:2)
  4 leopard geckos
  An orc (D:3)
  A ball python (D:3)
  8 bats
  3 giant cockroaches
  11 goblins
  6 hobgoblins
  3 jackals (D:2)
  4 kobolds
  A quokka (D:2)
  2 frilled lizards
  10 rats
65 creatures vanquished.

Notes
Turn   | Place    | Note
-------+----------+-------------------------------------------
     0 | D:1      | Principatus the Minotaur Fighter began the quest for the Orb.
     0 | D:1      | Reached XP level 1. HP: 19/19 MP: 0/0
    73 | D:1      | Reached XP level 2. HP: 26/27 MP: 1/1
   435 | D:2      | Noticed Jessica
   438 | D:2      | Reached XP level 3. HP: 33/33 MP: 2/2
   452 | D:2      | Killed Jessica
   723 | D:2      | Found a faded altar of an unknown god.
   786 | D:2      | Reached XP level 4. HP: 38/41 MP: 3/3
  1526 | D:2      | Reached skill level 5 in Axes
  1991 | D:3      | Noticed Natasha
  2003 | D:3      | Killed Natasha
  2003 | D:3      | Reached skill level 5 in Fighting
  2003 | D:3      | Reached XP level 5. HP: 47/48 MP: 4/4
  2197 | D:3      | Noticed Natasha
  2201 | D:3      | Killed from afar by an orc wizard

Skill      XL: |  1  2  3  4 |
---------------+-------------+-----
Fighting       | 4 5 |  5.1
Axes           | 3 4 5 |  5.6
Armour         | |  3.8
Shields        | |  3.8

Action                   |  1- 3 |  4- 6 || total
-------------------------+-------+-------++-------
Melee: War axe           |    90 |    89 ||   179
       Headbutt          |     6 |    10 ||    16
Throw: Stone             |       |     4 ||     4
       Tomahawk          |       |     3 ||     3
  Eat: Chunk             |       |     4 ||     4
Armor: Scale mail        |    40 |    45 ||    85
Dodge: Dodged            |    36 |    22 ||    58
Block: Shield            |    51 |    41 ||    92
